 Dungeon Crawl Stone Soup version 0.28-a0-863-g8cecda6153 (webtiles) character file.

Game seed: 16574766910941010610

120695 Htamos the Warrior (level 16, -4/165 HPs)
             Began as a Minotaur Berserker on Nov 18, 2021.
             Was the Champion of Trog.
             Slain by a fenstrider witch (10 damage)
             ... on level 4 of the Swamp.
             The game lasted 00:54:02 (21056 turns).

Htamos the Warrior (Minotaur Berserker)            Turns: 21056, Time: 00:54:02

Health: -4/165     AC: 23    Str: 25    XL:     16   Next: 30%
Magic:  15/15      EV: 14    Int:  1    God:    Trog [******]
Gold:   1102       SH: 20    Dex: 19    Spells: 15/15 levels left

rFire   + . .      SeeInvis +   E - +9 broad axe "Lifebane" {drain, rPois Int-2 Dex+2 SInv}
rCold   . . .      Faith    +   W - +1 tower shield
rNeg    . . .      Spirit   .   K - +6 chain mail of the Game of Kings {Dex+2 Slay+3}
rPois   +          Reflect  .   B - +0 hat
rElec   .          Harm     .   j - +0 cloak
rCorr   +          Rampage  .   (no gloves)
Will    +....                   p - +0 pair of boots
Stlth   ..........              G - amulet "Ygral" {Faith rF+ Regen+ Str+2}
HPRegen 1.37/turn               O - ring of poison resistance
MPRegen 0.14/turn               P - ring of resist corrosion

@: invisible
A: horns 2, retaliatory headbutt, dopey 1, shaggy fur 1
a: Renounce Religion, Berserk, Trog's Hand, Brothers in Arms


You were on level 4 of the Swamp.
You worshipped Trog.
Trog was exalted by your worship.
You visited 5 branches of the dungeon, and saw 27 of its levels.
You visited the Abyss 1 time.
You also visited: Ice Cave.

You collected 2375 gold pieces.
You spent 1273 gold pieces at shops.

Inventory:

Hand Weapons
 a - a +5 vorpal broad axe
 c - the +5 hand axe "Weituby" {vorpal, rN+ Int+3}
   (You found it on level 2 of the Lair of Beasts)

   It inflicts extra damage upon your enemies.
   Int:       It affects your intelligence (+3).
   rN:        It protects you from negative energy.
 h - a +1 eveningstar of freezing
 E - the +9 broad axe "Lifebane" (weapon) {drain, rPois Int-2 Dex+2 SInv}
   (You bought it in a shop on level 2 of the Orcish Mines)

   A truly terrible weapon, it drains the life of any living foe it strikes.
   Int:       It affects your intelligence (-2).
   Dex:       It affects your dexterity (+2).
   rPois:     It protects you from poison.
   SInv:      It lets you see invisible.
 J - a +3 antimagic broad axe
 L - the +4 hand axe of Amorality {vorpal, rC+}
   (Trog gifted it to you on level 2 of the Orcish Mines)

   It inflicts extra damage upon your enemies.
   rC:        It protects you from cold.
 R - the +7 battleaxe "Nipt" {vorpal, rPois}
   (Trog gifted it to you on level 13 of the Dungeon)

   It inflicts extra damage upon your enemies.
   rPois:     It protects you from poison.
 V - the +0 hunting sling of Turogiri {venom, rPois}
   (You found it on level 12 of the Dungeon)

   Any ammunition fired from it poisons the flesh of those it strikes.
   rPois:     It protects you from poison.
Missiles
 o - 71 poisoned darts (quivered)
Armour
 d - a +1 plate armour
 j - a +0 cloak (worn)
 p - a +0 pair of boots (worn)
 B - a +0 hat (worn)
 K - the +6 chain mail of the Game of Kings (worn) {Dex+2 Slay+3}
   (You bought it in a shop on level 2 of the Orcish Mines)

   Dex:       It affects your dexterity (+2).
   Slay:      It affects your accuracy & damage with ranged weapons and melee
   (+3).
 W - a +1 tower shield (worn)
 Z - a +1 kite shield of resistance
Jewellery
 f - a ring of flight
 i - an amulet of the acrobat
 q - a ring of ice
 t - a ring of positive energy
 G - the amulet "Ygral" (around neck) {Faith rF+ Regen+ Str+2}
   (You acquired it on level 3 of the Abyss)

   [amulet of faith]

   It allows you to gain divine favour quickly.
   Str:       It affects your strength (+2).
   rF:        It protects you from fire.
   Regen:     It increases your rate of health regeneration.
 I - a +6 ring of intelligence
 N - an amulet of regeneration
 O - a ring of poison resistance (left hand)
 P - a ring of resist corrosion (right hand)
 U - the amulet "Buluziqi" {rElec Regen+ MP+9 Str-5 Int+5 Slay-4}
   (You found it on level 12 of the Dungeon)

   [amulet of regeneration]

   Str:       It affects your strength (-5).
   Int:       It affects your intelligence (+5).
   Slay:      It affects your accuracy & damage with ranged weapons and melee
   (-4).
   rElec:     It insulates you from electricity.
   MP:        It affects your magic capacity (+9).
   Regen:     It increases your rate of health regeneration.
Wands
 e - a wand of acid (5)
 s - a wand of paralysis (13)
 w - a wand of digging (3)
 z - a wand of charming (13)
 D - a wand of polymorph (24)
 Q - a wand of iceblast (28)
 S - a wand of flame (32)
Scrolls
 b - 2 scrolls of silence
 m - 6 scrolls of magic mapping
 n - 6 scrolls of identify {@rr}
 u - a scroll of enchant weapon
 x - a scroll of holy word
 y - 5 scrolls of teleportation
 T - 2 scrolls of fog
Potions
 g - a potion of invisibility
 k - 5 potions of heal wounds
 l - 3 potions of flight
 r - 4 potions of cancellation
 A - 2 potions of magic
 C - 7 potions of curing {@qc}
 H - 4 potions of ambrosia
 X - 3 potions of haste
 Y - a potion of resistance


   Skills:
 * Level 20.5 Fighting
 + Level 15.1 Axes
 + Level 14.8 Armour
 + Level 13.7 Dodging
 + Level 13.7 Shields
 + Level 3.7 Evocations


You had 15 spell levels left.
You didn't know any spells.
Your spell library contained the following spells:

 Spells                   Type           Power      Damage    Failure   Level
 Inner Flame              Hex/Fire       0%         N/A       100%        3
 Cause Fear               Hex            0%         N/A       100%        4
 Discord                  Hex            0%         N/A       100%        8


Dungeon Overview and Level Annotations

Branches:
Dungeon (15/15)            Temple (1/1) D:5            Lair (5/6) D:8
  Swamp (4/4) Lair:2        Snake (0/4) Lair:2          Orc (2/2) D:11
    Elf (0/3) Orc:2        Vaults (0/5) D:13         Depths (0/4) D:15
  IceCv (visited)
  Slime: Lair:5-6

Altars:
Ashenzari
Cheibriados
Dithmenos
Elyvilon
Fedhas
Hepliaklqana
Makhleb
Okawaru
Ru
Sif Muna
Vehumet
Xom
The Shining One
Beogh

Shops:
D:10 !   D:11 *   D:12 (   Orc:1 :   Orc:2 (!([(

Annotations:
D:7 2 transporters
D:8 2 transporters
D:12 2 runed translucent doors
D:13 2 transporters, Stonecrops's ghost, journeyman DsBe
D:15 2 runed translucent doors
Lair:3 2 transporters


Innate Abilities, Weirdness & Mutations

You have a pair of horns on your head.
You reflexively headbutt those who attack you in melee.
You are dopey. (Int -2)
You are covered in fur. (AC +1)


Message History

Press: ? - help, Shift-Dir - straight line, f - fenstrider witch
Aim: a fenstrider witch, wearing a +0 robe (chance to affect: 4%)
Okay, then.
As you read the scroll of fear, it crumbles to dust.
You assume a fearsome visage.
The fenstrider witch resists with some effort.
You block the fenstrider witch's attack. x2
Unknown command.
You fade into invisibility!
The fenstrider witch casts a spell at you.
You block the toxic sludge.
Splash!
You fall into the toxic bog.
Moving in this stuff is going to be slow. ...and don't expect to remain undetected.
You see here a tyrant leech corpse.
The fenstrider witch points at you and mumbles some strange words.
You barely resist.
You enter the shallow water.
Moving in this stuff is going to be slow. ...and don't expect to remain undetected.
You block the fenstrider witch's attack. x2
The fenstrider witch points at you and mumbles some strange words.
You suddenly lose the ability to move!
The fenstrider witch hits you!
* * * LOW HITPOINT WARNING * * *
The fenstrider witch kicks you but does no damage.
The fenstrider witch hits you!
* * * LOW HITPOINT WARNING * * *
The fenstrider witch kicks you!
* * * LOW HITPOINT WARNING * * *
You can move again.
There is a stone staircase leading up, spattered with blood here.
Unknown command.
Unknown command.
As you read the scroll of fear, it crumbles to dust.
You assume a fearsome visage.
The fenstrider witch resists with some effort.
The fenstrider witch hits you!
You die...

♣≈≈≈≈≈≈.≈≈≈≈§÷♣♣♣
♣♣≈.≈♣♣♣≈.≈≈≈<÷†♣♣♣≈♣♣
♣.♣♣ ♣♣♣♣≈≈....≈...♣ ♣♣
♣≈)≈...≈≈≈≈≈
♣♣..≈♣.§≈≈≈≈≈ ♣♣
♣♣.)≈♣♣♣.≈≈≈≈≈
≈≈♣♣#♣♣♣♣♣♣♣.≈≈(♣ ≈≈≈≈≈≈
≈.≈≈...≈≈♣♣≈≈≈≈♣♣ ≈≈≈≈.≈
..≈......@♣.≈≈≈≈♣♣..≈.≈≈.
..#....≈H...≈≈≈....≈.....
..≈.....♣♣...≈<≈.♣♣♣
.≈≈.≈.§.♣♣≈≈♣..<.≈§
....≈.≈†♣♣♣♣♣♣§..≈≈.
.≈≈≈......≈♣ ♣.≈≈≈(
.≈≈≈≈≈≈....♣ ♣♣♣♣♣
≈≈≈§≈≈≈≈≈≈≈≈≈≈≈♣
≈≈≈≈≈≈≈..≈≈≈≈§≈..


You could see a fenstrider witch.

Vanquished Creatures
  Saint Roka (Orc:2)
  An azure jelly (Swamp:3)
  Louise (Swamp:1)
  3 bunyips
  5 eleionomae
  A fire dragon (D:12)
  A shambling mangrove (Swamp:3)
  9 hydras
  Harold (D:7)
  5 vault guards (D:13)
  2 spriggan air magi (Swamp:3)
  2 ghost crabs (Swamp:3)
  An ogre mage (D:13)
  2 death knights
  3 boulder beetles
  3 alligators (Swamp:3)
  4 two-headed ogres
  3 centaur warriors
  3 tengu warriors
  Sonja (Lair:2)
  2 orc high priests
  Nergalle (D:10)
  A skeletal warrior (D:14)
  A goliath frog (Swamp:1)
  2 spriggan druids (Swamp:3)
  4 bog bodies
  A large abomination (Abyss:3)
  5 swamp dragons
  A phantasmal warrior (D:13)
  A deep elf archer (D:13)
  2 deep elf pyromancers
  3 wizards
  A necromancer (D:15)
  4 orc sorcerers
  An orc knight (Orc:2)
  17 ugly things
  A manticore (D:15)
  3 oklob plants (Lair:2)
  A will-o-the-wisp (Swamp:4)
  A salamander (shapeshifter) (D:14)
  7 cyclopes
  2 naga magi (D:15)
  4 black mambas
  A torpor snail (Lair:2)
  10 cane toads
  An efreet (D:15)
  5 gargoyles
  7 freezing wraiths
  8 komodo dragons
  3 rime drakes
  A demonic crawler (Abyss:3)
  2 yaktaurs
  5 polar bears (Lair:1)
  5 meliai
  7 trolls
  The ghost of skaer2 the Shield-Bearer, an amateur FoFi (D:4)
  9 hornets
  4 slime creatures (D:12)
  24 blink frogs
  8 tyrant leeches
  6 dream sheep (Lair:5)
  2 centaur simulacra
  A shadow (D:13)
  7 spriggans
  5 wyverns
  Eustachio (D:5)
  4 wraiths
  30 yaks
  2 steam dragons
  2 basilisks
  19 vampire mosquitoes
  2 acid dragons
  13 swamp worms
  4 wargs
  13 water moccasins
  7 black bears
  3 swamp drakes
  A sky beast (D:6)
  An ice beast (D:6)
  32 orc warriors
  18 wolves
  6 ogres
  13 centaurs
  19 bullfrogs
  A kobold brigand (D:9)
  Blork the orc (D:5)
  4 gnoll sergeants
  A scorpion (D:6)
  A wyvern skeleton (D:7)
  8 killer bees
  A wight (D:5)
  A howler monkey (D:12)
  A bullfrog zombie (D:5)
  4 crimson imps (D:14)
  7 centaur zombies
  4 hounds
  2 jellies
  24 orc priests
  2 bullfrog skeletons
  2 centaur skeletons
  4 iguanas
  25 orc wizards
  4 hell rats (Lair:4)
  2 hound skeletons (D:5)
  A howler monkey zombie (D:8)
  Robin (D:2)
  A howler monkey skeleton (D:7)
  16 gnolls
  3 adders
  A shadow imp (D:6)
  A white imp (D:8)
  An ufetubus (Abyss:3)
  A worm (D:3)
  A dart slug (D:2)
  90 orcs
  6 ball pythons
  5 bats
  7 endoplasms
  2 giant cockroaches
  13 goblins
  6 hobgoblins
  3 quokkas
  2 frilled lizards
  18 kobolds
  7 rats
  A bush (Lair:2)
716 creatures vanquished.

Vanquished Creatures (collateral kills)
  2 fenstrider witches (Swamp:3)
  A bunyip (Swamp:3)
  An eleionoma (Swamp:3)
  A shambling mangrove (Swamp:3)
  A ghost crab (Swamp:3)
  An alligator (Swamp:3)
  3 hydras
  2 goliath frogs (Swamp:3)
  2 swamp dragons (Swamp:3)
  A bog body (Swamp:3)
  A queen bee (Lair:5)
  7 killer bees (Lair:5)
23 creatures vanquished.

Vanquished Creatures (others)
  A hydra (Swamp:3)
  A spriggan druid (Swamp:3)
  A meliai (Lair:5)
  2 bloated husks (Swamp:1)
  A hornet (Swamp:4)
  A swamp drake (Swamp:3)
  6 foxfires (Swamp:4)
  46 fungi
  54 plants
113 creatures vanquished.

Grand Total: 852 creatures vanquished

Notes
Turn   | Place    | Note
-------+----------+-------------------------------------------
     0 | D:1      | Htamos the Minotaur Berserker began the quest for the Orb.
     0 | D:1      | Reached XP level 1. HP: 19/19 MP: 0/0
    32 | D:1      | Found a faded altar of an unknown god.
   381 | D:1      | Reached XP level 2. HP: 26/27 MP: 1/1
   508 | D:1      | Reached skill level 4 in Fighting
   907 | D:2      | Reached ** piety under Trog
   951 | D:2      | Found a hazy altar of Hepliaklqana.
  1019 | D:2      | Reached XP level 3. HP: 33/33 MP: 2/2
  1176 | D:2      | Noticed Robin
  1189 | D:2      | Killed Robin
  1678 | D:3      | Reached XP level 4. HP: 41/41 MP: 3/3
  2727 | D:4      | Reached *** piety under Trog
  2735 | D:4      | Reached skill level 5 in Fighting
  2888 | D:4      | Reached XP level 5. HP: 42/48 MP: 4/4
  3068 | D:4      | Found a runed translucent door.
  3068 | D:4      | Noticed skaer2's ghost (amateur FoFi)
  3107 | D:4      | Killed skaer2's ghost
  3108 | D:4      | Reached skill level 6 in Fighting
  3108 | D:4      | Reached skill level 5 in Axes
  3108 | D:4      | Reached XP level 6. HP: 57/57 MP: 5/5
  3808 | D:5      | Entered Level 5 of the Dungeon
  3857 | D:5      | Reached XP level 7. HP: 58/64 MP: 6/6
  3988 | D:5      | Found a staircase to the Ecumenical Temple.
  4102 | D:5      | Noticed Blork the orc
  4104 | D:5      | Noticed Eustachio
  4109 | D:5      | Killed Blork the orc
  4110 | D:5      | Reached skill level 7 in Fighting
  4140 | D:5      | Gained mutation: Your muscles are strong. (Str +2) [potion
                  | of mutation]
  4140 | D:5      | Gained mutation: Your natural rate of healing is unusually
                  | fast. [potion of mutation]
  4151 | D:5      | HP: 1/64 [orc warrior (15)]
  4180 | Temple   | Entered the Ecumenical Temple
  4196 | Temple   | Reached skill level 5 in Armour
  4251 | D:5      | Killed Eustachio
  4252 | D:5      | Reached skill level 5 in Dodging
  4436 | D:5      | Reached XP level 8. HP: 68/74 MP: 7/7
  4949 | D:5      | Reached skill level 8 in Fighting
  4949 | D:5      | Reached skill level 1 in Shields
  5598 | D:6      | Found a blossoming altar of Fedhas.
  6072 | D:7      | Reached skill level 9 in Fighting
  6164 | D:7      | Noticed a cyclops
  6167 | D:7      | Killed a cyclops
  6168 | D:7      | Reached XP level 9. HP: 84/84 MP: 8/8
  6201 | D:7      | Found a transporter.
  6202 | D:7      | Noticed a kobold demonologist
  6205 | D:7      | Found a transporter.
  6212 | D:7      | Noticed a kobold demonologist
  6281 | D:7      | Found a burning altar of Makhleb.
  6377 | D:7      | Noticed Harold
  6381 | D:7      | Killed Harold
  6382 | D:7      | Reached skill level 10 in Fighting
  6464 | D:7      | Reached **** piety under Trog
  6492 | D:7      | Found a sacrificial altar of Ru.
  6856 | D:7      | Reached skill level 5 in Shields
  7042 | D:8      | Found a shimmering blue altar of Sif Muna.
  7091 | D:8      | Reached skill level 11 in Fighting
  7091 | D:8      | Reached XP level 10. HP: 83/95 MP: 9/9
  7109 | D:8      | Found a staircase to the Lair.
  7208 | D:8      | Found a transporter.
  7211 | D:8      | Found a transporter.
  7217 | D:8      | Found a transporter.
  7217 | D:8      | Found a transporter.
  7219 | D:8      | Found a transporter.
  7219 | D:8      | Found a transporter.
  7763 | D:9      | Reached ***** piety under Trog
  8264 | D:10     | Entered Level 10 of the Dungeon
  8273 | D:10     | Received a gift from Trog
  8286 | D:10     | Reached skill level 12 in Fighting
  8392 | D:10     | Noticed Nergalle
  8395 | D:10     | Noticed a spectral orc warlord
  8400 | D:10     | Killed Nergalle
  8552 | D:10     | Reached XP level 11. HP: 105/105 MP: 10/10
  8626 | D:10     | Found Dyaty's Distillery.
  8631 | D:10     | Bought a potion of heal wounds for 75 gold pieces
  8631 | D:10     | Bought a potion of flight for 45 gold pieces
  8631 | D:10     | Bought a potion of might for 60 gold pieces
  8631 | D:10     | Bought a potion of mutation for 120 gold pieces
  8782 | D:11     | Noticed a two-headed ogre
  8788 | D:11     | Killed a two-headed ogre
  8881 | D:11     | Found Jangurext's Assorted Antiques.
  8889 | D:11     | Bought a twisted coral ring for 160 gold pieces
  9257 | D:11     | Reached skill level 13 in Fighting
  9276 | D:11     | Found a staircase to the Orcish Mines.
  9313 | Orc:1    | Entered Level 1 of the Orcish Mines
  9313 | Orc:1    | Noticed a two-headed ogre
  9322 | Orc:1    | Killed a two-headed ogre
  9323 | Orc:1    | Reached skill level 10 in Axes
  9330 | Orc:1    | Noticed an orc sorcerer
  9376 | Orc:1    | Killed an orc sorcerer
  9459 | Orc:1    | Noticed an orc sorcerer
  9464 | Orc:1    | Paralysed by an orc sorcerer for 7 turns
  9472 | Orc:1    | Killed an orc sorcerer
  9475 | Orc:1    | Found Qeonn's Book Shop.
  9578 | Orc:1    | Noticed an orc high priest
  9584 | Orc:1    | Killed an orc high priest
  9892 | Orc:2    | Entered Level 2 of the Orcish Mines
  9892 | Orc:2    | Noticed a two-headed ogre
  9899 | Orc:2    | Killed a two-headed ogre
  9900 | Orc:2    | Reached skill level 14 in Fighting
  9900 | Orc:2    | Reached skill level 10 in Armour
 10032 | Orc:2    | Found Quotsiav's Distillery.
 10049 | Orc:2    | Bought a potion of heal wounds for 75 gold pieces
 10049 | Orc:2    | Bought a potion of curing for 45 gold pieces
 10049 | Orc:2    | Bought a potion of curing for 45 gold pieces
 10049 | Orc:2    | Bought a potion of mutation for 120 gold pieces
 10097 | Orc:2    | Noticed an orc knight
 10101 | Orc:2    | Noticed an orc sorcerer
 10110 | Orc:2    | Noticed an orc sorcerer
 10116 | Orc:2    | Killed an orc sorcerer
 10117 | Orc:2    | Reached XP level 12. HP: 80/116 MP: 11/11
 10181 | Orc:2    | Found Tyrchakhloi's Weapon Boutique.
 10337 | Orc:2    | Noticed an orc high priest
 10347 | Orc:2    | Killed an orc high priest
 10502 | Orc:2    | Noticed Saint Roka
 10503 | Orc:2    | Found Vadef Miyjow's Antique Weapon Shoppe.
 10522 | Orc:2    | Killed Saint Roka
 10523 | Orc:2    | Reached skill level 15 in Fighting
 10523 | Orc:2    | Found Suwkemeq's Antique Armour Emporium.
 10588 | Orc:2    | Bought a polished broad axe for 207 gold pieces
 10588 | Orc:2    | Identified the +9 broad axe "Lifebane" {drain, rPois Int-2
                  | Dex+2 SInv} (You bought it in a shop on level 2 of the
                  | Orcish Mines)
 10596 | Orc:2    | Bought an ichor-stained chain mail for 218 gold pieces
 10596 | Orc:2    | Identified the +6 chain mail of the Game of Kings {Dex+2
                  | Slay+3} (You bought it in a shop on level 2 of the Orcish
                  | Mines)
 10649 | Orc:2    | Found a staircase to the Elven Halls.
 10933 | Orc:2    | Identified the +4 hand axe of Amorality {vorpal, rC+} (Trog
                  | gifted it to you on level 2 of the Orcish Mines)
 10933 | Orc:2    | Received a gift from Trog
 10956 | Orc:2    | Found Nadghil's Antique Weapon Boutique.
 11196 | D:12     | Found a large runed translucent door.
 11204 | D:12     | Reached skill level 10 in Dodging
 11207 | D:12     | Found a large runed translucent door.
 11236 | D:12     | Noticed a two-headed ogre
 11237 | D:12     | Killed a two-headed ogre
 11281 | D:12     | Noticed a fire dragon
 11288 | D:12     | Found a large runed translucent door.
 11288 | D:12     | Found a large runed translucent door.
 11606 | D:12     | Found Qenoz's Weapon Boutique.
 11624 | D:12     | Killed a fire dragon
 11630 | D:12     | Identified the amulet "Buluziqi" {rElec Regen+ MP+9 Str-5
                  | Int+5 Slay-4}
 11636 | D:12     | Identified the +0 hunting sling of Turogiri {venom, rPois}
 11780 | Orc:2    | Bought a tower shield for 103 gold pieces
 11948 | D:12     | Reached XP level 13. HP: 125/128 MP: 12/12
 12240 | D:13     | Noticed Stonecrops's ghost (journeyman DsBe)
 12240 | D:13     | Found a transporter.
 12240 | D:13     | Found a transporter.
 12247 | D:13     | Reached skill level 10 in Shields
 12250 | D:13     | Reached skill level 16 in Fighting
 12485 | D:13     | Identified the +7 battleaxe "Nipt" {vorpal, rPois} (Trog
                  | gifted it to you on level 13 of the Dungeon)
 12485 | D:13     | Received a gift from Trog
 12497 | D:13     | Found a gate to the Vaults.
 12912 | D:13     | Found an iron altar of Okawaru.
 13213 | D:14     | Reached skill level 17 in Fighting
 13267 | D:14     | Found a gate leading to a gauntlet.
 13552 | D:14     | Reached XP level 14. HP: 130/140 MP: 13/13
 13687 | D:14     | Found a shimmering altar of Xom.
 13925 | D:15     | Entered Level 15 of the Dungeon
 13940 | D:15     | Found a large runed translucent door.
 13940 | D:15     | Found a large runed translucent door.
 14508 | D:15     | Reached skill level 18 in Fighting
 14511 | D:15     | Cast into level 3 of the Abyss (a wizard)
 14515 | Abyss:3  | Identified a scroll of acquirement
 14515 | Abyss:3  | Acquired the amulet "Ygral" {Faith rF+ Regen+ Str+2}
 14656 | D:15     | Escaped the Abyss
 14696 | D:15     | Found a staircase to the Depths.
 14881 | Lair:1   | Entered Level 1 of the Lair of Beasts
 15234 | Lair:1   | Received a gift from Trog
 15748 | Lair:2   | You fall into a shaft and drop 1 floor!
 15811 | Lair:2   | Found a staircase to the Snake Pit.
 15836 | Lair:2   | Received a gift from Trog
 16237 | Lair:2   | Found a staircase to the Swamp.
 16326 | Lair:2   | Reached XP level 15. HP: 133/151 MP: 14/14
 16367 | Lair:2   | Noticed Sonja
 16379 | Lair:2   | Killed Sonja
 16498 | Lair:2   | Identified the +5 hand axe "Weituby" {vorpal, rN+ Int+3}
 16691 | Lair:2   | Found a blossoming altar of Fedhas.
 16699 | Lair:2   | Reached skill level 19 in Fighting
 16776 | Lair:3   | Found a transporter.
 17136 | Lair:3   | Found a transporter.
 17719 | Lair:4   | Reached ****** piety under Trog
 18307 | Lair:5   | Received a gift from Trog
 19049 | Swamp:1  | Entered Level 1 of the Swamp
 19431 | Swamp:1  | Noticed Louise
 19441 | Swamp:1  | Killed Louise
 19442 | Swamp:1  | Reached skill level 1 in Evocations
 19459 | Swamp:1  | Lost mutation: Your muscles are strong. (Str +2) [potion of
                  | mutation]
 19459 | Swamp:1  | Gained mutation: You are somewhat resistant to further
                  | mutation. [potion of mutation]
 19460 | Swamp:1  | Lost mutation: You are somewhat resistant to further
                  | mutation. [potion of mutation]
 19460 | Swamp:1  | Gained mutation: You occasionally shout uncontrollably at
                  | your foes. [potion of mutation]
 19460 | Swamp:1  | Lost mutation: Your natural rate of healing is unusually
                  | fast. [potion of mutation]
 19460 | Swamp:1  | Gained mutation: You are agile. (Dex +2) [potion of
                  | mutation]
 19461 | Swamp:1  | Lost mutation: You occasionally shout uncontrollably at
                  | your foes. [potion of mutation]
 19461 | Swamp:1  | Lost mutation: You are agile. (Dex +2) [potion of mutation]
 19461 | Swamp:1  | Gained mutation: You are dopey. (Int -2) [potion of
                  | mutation]
 19461 | Swamp:1  | Gained mutation: You are covered in fur. (AC +1) [potion of
                  | mutation]
 19766 | Swamp:2  | You fall into a shaft and drop 1 floor!
 19766 | Swamp:3  | Found a frozen archway.
 19771 | Swamp:3  | Noticed an azure jelly
 19776 | IceCv    | Entered an ice cave
 19968 | Swamp:3  | Received a gift from Trog
 20121 | Swamp:3  | Reached skill level 20 in Fighting
 20342 | Swamp:3  | Noticed a fenstrider witch
 20342 | Swamp:3  | Noticed a fenstrider witch
 20360 | Swamp:3  | Reached XP level 16. HP: 146/163 MP: 15/15
 20765 | Swamp:4  | Entered Level 4 of the Swamp
 20778 | Swamp:4  | Reached skill level 15 in Axes
 20953 | Swamp:4  | Received a gift from Trog
 21053 | Swamp:4  | Paralysed by a fenstrider witch for 3 turns
 21055 | Swamp:4  | HP: 5/165 [fenstrider witch (13)]
 21056 | Swamp:4  | Slain by a fenstrider witch

Illustrated notes

Levels and vault maps discovered:
D:1:      minmay_arrival_semitransparent, layout_loops_ring,
          ebering_ecumenical_altar_box
D:2:      layout_loops_ring, basic_altar, uniq_robin
D:3:      layout_basic, palyth_stone_intersect, st_stairs_14,
          serial_bayou_lake_a
D:4:      layout_cave_pods, gammafunk_ghost_grave, nrook_uturn
D:5:      layout_layer_cave, minmay_temple_entry_slanted, sword_in_stone
D:6:      layout_loops_corners, lemuel_round_altar
D:7:      gammafunk_wand_slinger, layout_loops_ring, kennysheep_mini_moat,
          hangedman_ru_absence, uniq_harold
D:8:      layout_basic, lemuel_blue_sif_altar, due_lair_maze_entry_diamond,
          serial_nicolae_subway, nicolae_sub_station_stone,
          nicolae_sub_station_crystal, nicolae_sub_station_metal
D:9:      layout_irregular_city
D:10:     layout_rooms, serial_shops, nicolae_shop_hallway_stairs, uniq_nergalle
D:11:     layout_rooms, erik_orc_1, serial_shops, nicolae_square_shop
D:12:     layout_roguey, serial_shops, shop, minmay_hollow_rounded_squares
D:13:     layout_small_grid, grunt_vaults_entry_fortified,
          gammafunk_ghost_arena, david_defended_altar_orc
D:14:     layout_loops_cross, gauntlet_entry_generic, hex_tiny, led_xom_imps
D:15:     grunt_enter_depths_magical_seal, layout_basic, minmay_fountain_box,
          ebering_ghost_disaster_area
Temple:   mainiacjoe_temple_coin_purse
Lair:1:   beast_lair_carwin_large_2, layout_regular_city,
          chequers_serial_rivers_small_a
Lair:2:   layout_regular_city, palyth_hydra_swamp_entry, dummy_snake_entry,
          hangedman_tree_tricks, minmay_lair_oklob_items, uniq_sonja
Lair:3:   gammafunk_cloud_chamber, layout_chaotic_city, serial_bayou_shore_b
Lair:4:   layout_cave_pods, st_stairs_6
Lair:5:   layout_layer_cave, special_room [special_room_bee]
Swamp:1:  layout_basic_swamp, nicolae_swamp_feature_on_the_river_bank,
          uniq_louise
Swamp:2:  layout_falls_marsh, evilmike_swamp_ruin_rubble_2, swamp_pool5,
          lightli_tree_ring
Swamp:3:  nzn_winding_woodlands_cross [nzn_winding_woodlands_5x15_crooked,
          nzn_winding_woodlands_5x15_default, nzn_winding_woodlands_5x15_twine,
          nzn_winding_woodlands_5x15_longhouse,
          nzn_winding_woodlands_15x15_killbox], layout_falls_marsh,
          portal_ice_cave_entry_horrid_things, evilmike_swamp_ruin_house_6
Swamp:4:  swamp_old_school, layout_basic_swamp
Orc:1:    layout_caves, serial_shops, nicolae_shop_statue_plus
Orc:2:    grunt_orc_community_town_hall, layout_caves,
          grunt_orc_community_big_house_2, grunt_orc_community_big_house_2,
          grunt_orc_community_house_2, grunt_orc_community_house_2,
          grunt_orc_community_house_1, grunt_orc_community_house_1,
          grunt_orc_community_house_1, enter_volcano_4, serial_shops, shop

Skill      XL: |  1  2  3  4  5  6  7  8  9 10 11 12 13 14 15 16 |
---------------+-------------------------------------------------+-----
Fighting       | 4 5 6 7 9 11 12 14 15 17 18 20 | 20.5
Axes           | 4 5 6 7 8 9 10 11 12 13 14 15 | 15.1
Armour         | 3 4 5 6 7 9 10 11 12 13 14 | 14.8
Dodging        | 3 4 5 6 8 9 10 11 12 13 | 13.7
Shields        | 3 5 6 8 9 11 12 13 | 13.7
Evocations     | 2 3 |  3.7

Action                   |  1- 3 |  4- 6 |  7- 9 | 10-12 | 13-15 | 16-18 || total
-------------------------+-------+-------+-------+-------+-------+-------++-------
Melee: Hand axe          |    55 |       |       |       |       |       ||    55
       Headbutt          |    13 |    13 |    46 |    93 |   220 |    21 ||   406
       Dagger            |    32 |    86 |    89 |       |       |       ||   207
       Battleaxe         |       |       |   105 |   353 |       |       ||   458
       Broad axe         |       |       |       |    70 |   726 |    68 ||   864
Invok: Berserk           |     1 |     1 |     6 |    16 |    19 |     2 ||    45
       Trog's Hand       |       |     1 |     1 |     1 |     1 |       ||     4
       Brothers in Arms  |       |       |       |       |     4 |       ||     4
Evoke: Wand              |       |       |       |     1 |     3 |       ||     4
  Use: Scroll            |       |     4 |     6 |     8 |    14 |     2 ||    34
       Potion            |       |     1 |     3 |     7 |     4 |     1 ||    16
 Stab: Distracted        |       |       |       |       |     2 |       ||     2
Armor: Animal skin       |    13 |       |       |       |       |       ||    13
       Scale mail        |     9 |    31 |    22 |       |       |       ||    62
       Plate armour      |       |       |   111 |   206 |       |       ||   317
       Chain mail        |       |       |       |    32 |   276 |    45 ||   353
Dodge: Dodged            |    53 |    40 |   120 |   243 |   265 |    33 ||   754
Block: Kite shield       |       |       |    19 |    34 |       |       ||    53
       Tower shield      |       |       |       |    18 |   760 |    88 ||   866

Table legend: (Time is in decaauts)
 A = Elapsed time spent in this place.
 B = Non-inter-level travel time spent in this place.
 C = Inter-level travel time spent in this place.
 D = Time resting spent in this place.
 E = Time spent auto-exploring this place.
 F = Levels seen in this place.
 G = Mean time per level.
                   A        B        C        D        E       F      G
               +--------+--------+--------+--------+--------+-----+--------+
         Total |  21926 |  20585 |   1341 |   1505 |  14315 |  30 |  730.9 |
       Dungeon |  13274 |  12443 |    831 |    609 |   9335 |  15 |  884.9 |
        Temple |     66 |     52 |     14 |      9 |      0 |   1 |   66.0 |
          Lair |   4296 |   4059 |    237 |    335 |   2923 |   5 |  859.2 |
         Swamp |   2193 |   2133 |     60 |    247 |   1245 |   4 |  548.2 |
  Orcish Mines |   1944 |   1747 |    197 |    246 |    782 |   2 |  972.0 |
         Abyss |    147 |    147 |      0 |     58 |     29 |   2 |   73.5 |
      Ice Cave |      3 |      3 |      0 |      0 |      0 |   1 |    3.0 |
               +--------+--------+--------+--------+--------+-----+--------+

Top non-repeatable levels by time:
     D:5: 1374 daAuts
   Orc:2: 1364 daAuts
 Swamp:3: 1242 daAuts
     D:4: 1151 daAuts
  Lair:2: 1110 daAuts
     D:3: 1094 daAuts
    D:14: 951 daAuts
    D:11: 925 daAuts
     D:7: 912 daAuts
    D:13: 904 daAuts
     D:1: 865 daAuts
  Lair:1: 859 daAuts
     D:6: 858 daAuts
  Lair:4: 841 daAuts
    D:12: 805 daAuts
